 Dungeon Crawl Stone Soup version 0.23-a0-454-gae4fabde77 (webtiles) character file.

2273 LostNumber the Martial Artist (level 9, -3/46 HPs)
             Began as a Vine Stalker Transmuter on Nov 24, 2018.
             Was a Priest of Ru.
             Killed from afar by a centaur (16 damage)
             ... with a wand of acid (9)
             ... on level 7 of the Dungeon.
             The game lasted 00:16:54 (5848 turns).

LostNumber the Martial Artist (VSTm)                Turns: 5848, Time: 00:16:55

Health: -3/46      AC:  2    Str: 13    XL:     9   Next: 38%
Magic:  0/16       EV: 26    Int: 16    God:    Ru [***...]
Gold:   271        SH:  0    Dex: 20    Spells: 6/16 levels left

rFire    . . .     SeeInvis +     - Unarmed
rCold    . . .     Gourm    .   (shield currently unavailable)
rNeg     . . .     Faith    .   (armour currently unavailable)
rPois    x         Spirit   +   (helmet currently unavailable)
rElec    .         Reflect  .   (cloak currently unavailable)
rCorr    .         Harm     .   (gloves currently unavailable)
MR       +....                  (boots currently unavailable)
Stlth    ..........             j - amulet of magic regeneration
HPRegen  0.55/turn              C - +3 ring of evasion
MPRegen  0.40/turn              B - ring of see invisible

@: spider-form (expiring), marked, very slightly contaminated
A: tiny, regeneration 1, magic shield, no potion heal 3, rot immunity, no
stealth, inability to use devices
a: End Transformation, Draw Out Power, Renounce Religion


You were on level 7 of the Dungeon.
You worshipped Ru.
Ru was most pleased with you.
You were hungry.
You were a venomous arachnid creature.
You visited 1 branch of the dungeon, and saw 8 of its levels.
You also visited: Sewer.

You collected 271 gold pieces.

Inventory:

Missiles
 a - 164 arrows
Armour
 b - a +0 robe
 g - a +0 pair of boots
 r - a +0 buckler
 t - a +0 helmet (melded)
 D - a +2 robe of positive energy (melded)
Jewellery
 j - an amulet of magic regeneration (around neck)
 o - an uncursed ring of resist corrosion
 B - a ring of see invisible (right front leg)
 C - a +3 ring of evasion (left front leg)
Scrolls
 e - 2 scrolls of amnesia {unknown}
 h - a scroll of fear
 m - a scroll of random uselessness {unknown}
 s - a scroll of magic mapping {unknown}
 u - 2 scrolls of teleportation {unknown}
 y - a scroll of immolation {unknown}
 z - 2 scrolls of remove curse
 A - 2 scrolls of enchant weapon {unknown}
Potions
 c - a potion of berserk rage
 f - 2 potions of lignification
 i - 2 potions of curing
 k - a potion of mutation
 l - a potion of brilliance
 n - 3 potions of heal wounds
 p - 2 potions of haste
 q - 3 potions of flight
 x - a potion of cancellation
Comestibles
 d - 12 rations


   Skills:
 + Level 4.8 Fighting
 + Level 4.6 Dodging
 + Level 1.3 Shields
 * Level 8.1 Unarmed Combat
 + Level 4.0 Spellcasting
 - Level 5.0 Transmutations


You had 6 spell levels left.
You knew the following spells:

 Your Spells              Type           Power        Failure   Level  Hunger
a - Beastly Appendage     Tmut           ###...       9%          1    None
b - Sticks to Snakes      Tmut           ###.....     11%         2    ##.....
c - Spider Form           Tmut/Pois      ##........   38%         3    ###....
d - Ice Form              Ice/Tmut       ##......     73%         4    ####...

Your spell library contained the following spells:

 Spells                   Type           Power        Failure   Level  Hunger
 Blade Hands              Tmut           ###.......   73%         5    ######.


Dungeon Overview and Level Annotations

Branches:
Dungeon (8/15)             Temple (0/1) D:5
   Lair: D:8-11

Altars:
Hepliaklqana
Ru
Trog
Xom

Annotations:
D:7 Harold


Innate Abilities, Weirdness & Mutations

((You have razor-sharp teeth.))
Your natural rate of healing is unusually fast.
When hurt, damage is shared between your health and your magic reserves.
((Your bite disrupts and absorbs the magic of your enemies.))
Potions cannot restore your health.
You are immune to rotting.
You cannot be stealthy.
You cannot study or use magical devices.


Message History

As you read the scroll of blinking, it crumbles to dust.
The centaur barely misses you.
Casting: Sticks to Snakes (safe; 11% risk of failure)
Confirm with . or Enter, or press ? or * to list all spells.
You create a snake!
You now have 164 arrows.
The centaur misses you.
A leopard gecko comes into view.
Unknown command.
You hit the centaur but do no damage.
The centaur is poisoned.
The centaur completely misses you.
The centaur zaps a wand.
The bolt of acid misses you.
Unknown command.
You hit the centaur.
The centaur looks as sick as possible!
The centaur is lightly wounded.
The centaur misses you.
Your ball python bites the centaur but does no damage.
Unknown command.
You bite the centaur!
The centaur is severely wounded.
The centaur zaps a wand.
The bolt of acid hits you!
You die...

##### #...#
####.#.#############
.................># ##
##..#.#######.###.#
#.######..sS.#.....#.# #.#
#.....l..#c###.###.#.# #.#
#.#..#####.....# #.#.# #.#
#..........### #...# #.#
######.######.(# #######.##
#..รท.).# ##.# #.......
#.#<...# #@#######.......
.#.##...# #(.#...##.......
.........#######..#...##.......


You could see Harold, a centaur, a leopard gecko and a friendly ball python.

Vanquished Creatures
  Pikel (D:6)
  Menkaure (D:5)
  An orc warrior (D:4)
  An ogre (D:7)
  A big kobold (Sewer)
  A gnoll sergeant (D:7)
  3 bullfrogs
  A scorpion (D:6)
  2 crimson imps
  4 hounds
  An orc wizard (D:5)
  3 orc priests
  An iguana (D:6)
  7 worker ants
  A hound zombie (D:5)
  8 gnolls
  8 adders
  A river rat (Sewer)
  An adder zombie (D:7)
  2 worms
  A dart slug (D:1)
  5 leopard geckos
  26 orcs
  4 ball pythons
  6 giant cockroaches
  3 hobgoblins
  8 jackals
  3 quokkas
  7 bats
  6 frilled lizards
  A giant cockroach zombie (D:5)
  8 goblins
  11 kobolds
  A leopard gecko skeleton (D:4)
  A quokka zombie (D:5)
  9 rats
149 creatures vanquished.

Vanquished Creatures (collateral kills)
  A hippogriff (D:7)
  2 ogres (D:4)
  A howler monkey (D:4)
  Terence (D:1)
  A hound skeleton (D:4)
  A leopard gecko (D:4)
  An orc (D:4)
  A giant cockroach (D:4)
9 creatures vanquished.

Vanquished Creatures (others)
  An ogre (D:6)
  A rat (Sewer)
2 creatures vanquished.

Grand Total: 160 creatures vanquished

Notes
Turn   | Place    | Note
-------+----------+-------------------------------------------
     0 | D:1      | LostNumber the Vine Stalker Transmuter began the quest for
                  | the Orb.
     0 | D:1      | Reached XP level 1. HP: 9/9 MP: 4/4
    74 | D:1      | Reached skill level 1 in Fighting
   235 | D:1      | Reached XP level 2. HP: 5/14 MP: 1/6
   240 | D:1      | Learned a level 2 spell: Sticks to Snakes
   732 | D:1      | Reached XP level 3. HP: 18/18 MP: 5/7
   835 | D:2      | Noticed Terence
   877 | D:1      | Killed Terence
  1144 | D:2      | Learned a level 3 spell: Spider Form
  1177 | D:2      | Found a sacrificial altar of Ru.
  1190 | D:2      | Reached skill level 4 in Unarmed Combat
  1190 | D:2      | Gained mutation: Your natural rate of healing is unusually
                  | fast. [Vine Stalker growth]
  1190 | D:2      | Reached XP level 4. HP: 16/23 MP: 5/8
  1227 | D:2      | Became a worshipper of Ru the Awakened
  1295 | D:2      | Found a shimmering altar of Xom.
  1427 | D:2      | Found a hazy altar of Hepliaklqana.
  1750 | D:3      | Found a faded altar of an unknown god.
  2152 | D:3      | Reached XP level 5. HP: 26/26 MP: 6/9
  2510 | D:4      | Gained mutation: You cannot study or use magical devices.
                  | [Ru sacrifice]
  2510 | D:4      | Reached * piety under Ru
  2510 | D:4      | Reached ** piety under Ru
  2547 | D:4      | Found a glowing drain.
  2570 | Sewer    | Entered a sewer
  2748 | Sewer    | Noticed a big kobold
  2772 | Sewer    | Killed a big kobold
  2772 | Sewer    | Reached skill level 5 in Unarmed Combat
  2772 | Sewer    | Reached XP level 6. HP: 32/32 MP: 6/10
  2785 | Sewer    | Found a white marble altar of Elyvilon.
  3019 | D:4      | Reached XP level 7. HP: 35/35 MP: 11/11
  3491 | D:5      | Entered Level 5 of the Dungeon
  3589 | D:5      | Found a staircase to the Ecumenical Temple.
  3642 | D:5      | Noticed Menkaure
  3682 | D:5      | Killed Menkaure
  3682 | D:5      | Reached skill level 6 in Unarmed Combat
  3688 | D:5      | Learned a level 4 spell: Ice Form
  3943 | D:5      | Found a bloodstained altar of Trog.
  3966 | D:5      | Found the +7 Singing Sword {slice, sonic wave}
  4126 | D:6      | Gained mutation: You have razor-sharp teeth. [Vine Stalker
                  | growth]
  4126 | D:6      | Reached XP level 8. HP: 25/40 MP: 12/12
  4531 | D:6      | Noticed Pikel
  4544 | D:6      | Killed Pikel
  4544 | D:6      | Reached skill level 7 in Unarmed Combat
  5277 | D:7      | Reached XP level 9. HP: 46/46 MP: 15/15
  5324 | D:7      | Gained mutation: You cannot be stealthy. [Ru sacrifice]
  5324 | D:7      | Reached *** piety under Ru
  5350 | D:7      | You fall through a shaft!
  5400 | D:7      | Reached skill level 5 in Transmutations
  5494 | D:7      | Reached skill level 1 in Shields
  5494 | D:7      | Reached skill level 8 in Unarmed Combat
  5816 | D:7      | Noticed Harold
  5848 | D:7      | Killed from afar by a centaur

Vault maps used:
D:1:      nzn_arrival_water_spiral
D:2:      overflow_temple_1_default, nicolae_ru_awakened_eye,
          lemuel_crystal_altar, first_ration, grunt_ministairs_10, uniq_terence
D:3:      chequers_ecumenical_altar_simple
D:4:      cheibrodos_sewer_entry_drain
D:5:      lemuel_round_altar, minmay_temple_entry_stoned_glass,
          minmay_misc_feat_cross, uniq_menkaure
D:6:      uniq_pikel
D:7:      uniq_harold
D:8:      minitemple
Sewer:    sewer_kobolds

Skill      XL: |  1  2  3  4  5  6  7  8  9 |
---------------+----------------------------+-----
Fighting       | 1 2 3 4 |  4.8
Dodging        | 2 3 4 |  4.6
Unarmed Combat | 4 5 6 7 8 |  8.1
Transmutations | 3 4 5 |  5.0
Spellcasting   | 3 4 |  4.0
Shields        | 1 |  1.3

Action                   |  1- 3 |  4- 6 |  7- 9 || total
-------------------------+-------+-------+-------++-------
Melee: Unarmed           |    57 |   209 |   248 ||   514
       Headbutt          |     6 |    19 |     1 ||    26
       Bite              |    10 |    35 |    42 ||    87
       Kick              |     4 |       |    40 ||    44
       Punch             |     2 |     4 |     7 ||    13
 Cast: Beastly Appendage |    12 |    25 |    25 ||    62
       Sticks to Snakes  |     4 |     6 |    16 ||    26
       Spider Form       |       |     4 |     7 ||    11
Invok: Sacrifice Artific |       |     1 |       ||     1
       Sacrifice Stealth |       |       |     1 ||     1
  Use: Scroll            |       |     9 |     6 ||    15
 Stab: Sleeping          |       |     2 |     1 ||     3
       Distracted        |       |       |     2 ||     2
       Invisible         |       |       |     2 ||     2
  Eat: Chunk             |     1 |     8 |    11 ||    20
Armor: Robe              |    10 |    27 |    31 ||    68
       Skin              |       |     2 |     1 ||     3
Dodge: Dodged            |    33 |   111 |   158 ||   302

Table legend:
 A = Non-vault XP
 B = Vault XP
 C = Vault XP percentage of total XP
 D = Non-vault monster count
 E = Vault monster count
 F = Vault count percentage of total count
                 A         B        C        D         E       F
            +---------+---------+-------+---------+---------+-------
      Total |    2308 |     940 |  28.9 |     142 |      17 |  10.7
            +---------+---------+-------+---------+---------+-------
        D:1 |      36 |      30 |  45.5 |      22 |       1 |   4.3
        D:2 |      30 |       4 |  11.8 |      14 |       2 |  12.5
        D:3 |     108 |       0 |   0.0 |      27 |       0 |   0.0
        D:4 |     551 |       7 |   1.3 |      24 |       2 |   7.7
        D:5 |     114 |     128 |  52.9 |      17 |       1 |   5.6
        D:6 |     545 |     651 |  54.4 |      17 |       1 |   5.6
        D:7 |     924 |       0 |   0.0 |      21 |       0 |   0.0
      Sewer |       0 |     120 | 100.0 |       0 |      10 | 100.0
            +---------+---------+-------+---------+---------+-------
